 Dungeon Crawl Stone Soup version 0.29.1-1-gd02db6906a (webtiles) character file.

Game seed: 7288341220903701667

686 Godmorgon the Magician (level 7, -2/51 HPs)
             Began as a Djinni Ice Elementalist on Oct 2, 2022.
             Was an Initiate of Okawaru.
             Slain by an orc warrior
             ... wielding a +0 glaive
              (16 damage)
             ... on level 4 of the Dungeon.
             The game lasted 00:29:41 (6866 turns).

Godmorgon the Magician (Djinni Ice Elementalist)    Turns: 6866, Time: 00:29:41

Health: -2/51      AC:  5    Str:  7    XL:     7   Next: 94%
Gold:   136        EV: 12    Int: 18    God:    Okawaru [......] SH:  0 Dex: 14

rFire   + + .      SeeInvis .   b - +2 dagger (elec)
rCold   x . .      Faith    .   (no shield)
rNeg    . . .      Spirit   .   e - +0 robe
rPois   ∞          Reflect  .   c - +2 helmet
rElec   .          Harm     .   (no cloak)
rCorr   .          Rampage  .   (no gloves)
Will    +....                   (boots unavailable)
Stlth   ++........              (no amulet)
HPRegen 0.17/turn               j - ring of willpower
MPRegen 0.00/turn               (no ring)

@: flying
A: sickness immunity, fire resistance 2, cold vulnerability 1, float, innate
caster, HP casting, extra vitality 1
a: Renounce Religion


You were on level 4 of the Dungeon.
You worshipped Okawaru.
Okawaru was noncommittal.
You visited 1 branch of the dungeon, and saw 4 of its levels.

You collected 136 gold pieces.

Inventory:

Hand Weapons
 a - a +2 falchion of draining
 b - a +2 dagger of electrocution (weapon)
Armour
 c - a +2 helmet (worn)
 e - a +0 robe (worn)
 k - a +0 leather armour
Jewellery
 j - a ring of willpower (left hand)
Wands
 r - a wand of roots (9)
 v - a wand of quicksilver (4)
Scrolls
 d - 2 scrolls of torment {unknown}
 f - 3 scrolls of butterflies {unknown}
 h - 2 scrolls of identify {unknown}
 p - a scroll of enchant weapon {unknown}
 s - 2 scrolls of summoning {unknown}
 u - a scroll of noise {unknown}
 w - a scroll of magic mapping {unknown}
Potions
 g - a potion of berserk rage {unknown}
 i - 4 potions of curing {unknown}
 l - a potion of cancellation {unknown}
 m - a potion of haste {unknown}
 n - a potion of heal wounds {unknown}
 o - a potion of lignification {unknown}
 q - 2 potions of brilliance {unknown}
 t - a potion of mutation {unknown}


   Skills:
 + Level 3.8 Fighting
 * Level 3.4 Long Blades
 - Level 2.1 Dodging
 - Level 1.5 Stealth
 * Level 5.4 Spellcasting


You couldn't memorise any spells.
You knew the following spells:

 Your Spells              Type           Power      Damage    Failure   Level
a - Ozocubu's Armour      Ice            24%        N/A       4%          3
b - Call Canine Familiar  Summ           24%        N/A       4%          3
f - Freeze                Ice            96%        1d11      1%          1
h - Hailstorm             Conj/Ice       24%        3d7       13%         4
n - Necrotise             Necr           96%        1d8       1%          1
r - Frozen Ramparts       Ice            48%        1d8       4%          3
s - Searing Ray           Conj           48%        2d6       1%          2
Your spell library was empty.

Dungeon Overview and Level Annotations

Branches:
Dungeon (4/15)
 Temple: D:4-7

Altars:
Okawaru
Uskayaw
Zin

Shops:
D:1 (   D:3 =   D:4 ?


Innate Abilities, Weirdness & Mutations

You are immune to sickness and miasma.
You are immune to poison.
Your flesh is very heat resistant. (rF++)
You are vulnerable to cold. (rC-)
You float through the air rather than walking.
You learn spells naturally, not from books.
Your magical power is your life essence.
You have superior vitality. (+4 MHP)


Message History

The orc warrior is moderately wounded.
The orc warrior closely misses you.
The searing ray hits the orc warrior but does no damage.
The orc warrior is moderately wounded.
You finish channelling your searing ray.
The orc warrior closely misses you.
Casting: Searing Ray (safe; 1% risk of failure)
Confirm with . or Enter, or press ? or * to list all spells.
Casting: Frozen Ramparts (dangerous; 4% risk of failure)
Press: ? - help, Dir - look around, f - activate The walls around you are covered in ice.
The wall freezes the orc warrior but does no damage.
The orc warrior hits you from afar with a +0 glaive!
Casting: Frozen Ramparts (dangerous; 4% risk of failure)
Confirm with . or Enter, or press ? or * to list all spells.
Aiming: Searing Ray (safe; 1% risk of failure)
Press: ? - help, Shift-Dir - straight line, f - orc warrior
Aim: an orc warrior, wielding a +0 glaive and wearing a +0 plate armour (moderately wounded, 79% to hit)
The searing ray hits the orc warrior.
The orc warrior is heavily wounded. (Press . to maintain the ray.)
The wall freezes the orc warrior but does no damage.
The orc warrior hits you from afar with a +0 glaive!
* * * LOW HITPOINT WARNING * * *
Your icy armour and frozen ramparts will break if you move.
Continue?
Your icy armour cracks and falls away as you move.
The frozen ramparts melt away as you move.
Okay, then.
Things that are here:
a +0 leather armour; a +0 hand axe The endoplasm jiggles.
You see here a +0 trident.
Things that are here:
a +0 dagger; a +0 robe; the elf skeleton of Dowan You see here a +0 hand axe.
Things that are here:
a +0 scale mail; a +0 short sword
There is a stone staircase leading up here.
The orc warrior hits you from afar with a +0 glaive!
You die...

#.# ...# #.#.##...# ..#
#.# ..# #.#.##.⌠.# .#
#.# ..# #.#.##...# .#
#.# #.# #.#.###### # #.#
#.# #.#.#.#.#
####.#######.###.#.#.#.#
.................#.#.#.#
####.####.##.#####J#.#.#
#.# #.##.# #@#.#.#.# #.#
#.##.# #[#.#.#.# #.#
#.##.# #o#.#.#.# #.#
#.##.# #.#o#.#.# #.#
#.##.###)#.#.#.# #.#
#.##...).)...#.# #.#
#..##....[)..#.# #.#
#......###.#.#.# #.#
#........#.#.#.#


You could see an orc warrior.

Vanquished Creatures
  Duvessa (D:4)
  A black bear (D:4)
  Dowan (D:4)
  A jelly (D:4)
  An orc priest (D:4)
  An iguana (D:4)
  Natasha (thrice) (D:2)
  Ijyb (D:4)
  4 orc wizards
  4 adders
  3 worms
  2 dart slugs
  32 orcs
  A ball python (D:2)
  4 endoplasms
  5 giant cockroaches (D:1)
  4 goblins
  5 hobgoblins
  5 quokkas
  4 bats
  3 frilled lizards
  4 kobolds
  7 rats
97 creatures vanquished.

Notes
Turn   | Place    | Note
-------+----------+-------------------------------------------
     0 | D:1      | Godmorgon the Djinni Ice Elementalist began the quest for
                  | the Orb.
     0 | D:1      | Godmorgon set off with the following spells memorised:
                  | Freeze, Frozen Ramparts, Ozocubu's Armour, Hailstorm.
     0 | D:1      | Reached XP level 1. HP: 15/15 MP: 0/0
   403 | D:1      | Reached XP level 2. HP: 19/22 MP: 0/0
   572 | D:1      | Reached skill level 1 in Fighting
   964 | D:1      | Reached XP level 3. HP: 24/27 MP: 0/0
   964 | D:1      | Learned a level 1 spell: Necrotise
  1378 | D:1      | Found Yvvuovuu's Antique Weapon Emporium.
  2290 | D:2      | Noticed Natasha
  2295 | D:2      | Killed Natasha
  2296 | D:2      | Reached skill level 4 in Spellcasting
  2296 | D:2      | Reached XP level 4. HP: 30/33 MP: 0/0
  2316 | D:2      | Noticed Natasha
  2321 | D:2      | Killed Natasha
  2683 | D:2      | Noticed Natasha
  2688 | D:2      | Killed Natasha
  2689 | D:2      | Reached XP level 5. HP: 26/38 MP: 0/0
  2689 | D:2      | Learned a level 2 spell: Searing Ray
  3763 | D:3      | Found Idasuos's Jewellery Emporium.
  4058 | D:3      | Reached skill level 1 in Long Blades
  4058 | D:3      | Reached XP level 6. HP: 28/45 MP: 0/0
  4290 | D:4      | Noticed a black bear
  4310 | D:4      | Killed a black bear
  4697 | D:4      | Noticed Dowan
  4699 | D:4      | Noticed Duvessa
  4956 | D:4      | Found Apeper's Magic Scroll Shoppe.
  4956 | D:4      | Noticed a +0 hand axe
  4959 | D:4      | Noticed a +0 dagger
  4974 | D:4      | Noticed Ijyb
  4977 | D:4      | Reached skill level 5 in Spellcasting
  4989 | D:4      | Killed Ijyb
  4990 | D:4      | Reached XP level 7. HP: 8/50 MP: 0/0
  4990 | D:4      | Learned a level 3 spell: Call Canine Familiar
  5364 | D:4      | Found a glowing silver altar of Zin.
  5650 | D:4      | Found an iron altar of Okawaru.
  5658 | D:4      | Became a worshipper of Warmaster Okawaru
  5685 | D:4      | Killed Duvessa
  6167 | D:4      | Found a hide-covered altar of Uskayaw.
  6452 | D:4      | Killed Dowan
  6866 | D:4      | Slain by an orc warrior

Illustrated notes

Levels and vault maps discovered:
D:1:      dpeg_arrival_simpleton_b, layout_basic, serial_shops,
          nicolae_lakefront_shop
D:2:      layout_loops_ring, roderic_serpentine_path, uniq_natasha
D:3:      layout_basic, lemuel_round_altar, serial_shops,
          nicolae_shop_waterfront, minmay_statues_item
D:4:      layout_basic, mainiacjoe_overflow_tiny_flanked, okawaru_gym_becter,
          dancing_weapons_uskayaw, minmay_temple_entry_nine_rooms, serial_shops,
          nicolae_stop_n_shop_2, uniq_ijyb, uniq_duvessa

Skill      XL: |  1  2  3  4  5  6  7 |
---------------+----------------------+-----
Fighting       | 1 2 3 |  3.8
Spellcasting   | 4 5 |  5.4
Long Blades    | 1 2 3 |  3.4
Dodging        | |  2.1
Stealth        | |  1.5

Action                   |  1- 3 |  4- 6 |  7- 9 || total
-------------------------+-------+-------+-------++-------
Melee: Falchion          |       |    10 |       ||    10
       Dagger            |       |       |     9 ||     9
 Cast: Freeze            |    41 |     4 |       ||    45
       Necrotise         |    19 |     8 |       ||    27
       Searing Ray       |       |    36 |    15 ||    51
       Frozen Ramparts   |       |     8 |    14 ||    22
       Ozocubu's Armour  |       |     5 |     4 ||     9
Evoke: Wand              |       |       |     1 ||     1
  Use: Scroll            |       |       |     1 ||     1
Armor: Robe              |     2 |    16 |     6 ||    24
Dodge: Dodged            |    17 |    21 |    15 ||    53
